AoeStats
← 陟遐自迩

African Clearing

506401044Analyzed
4v4 RM · 20d ago on Sep 13, 2026· 30m 1s· 8 players
Game mode
Random Map
Map size
Large (8 player)
Population
200
Speed
Normal
Resources
Standard
Victory
Conquest
Starting age
Dark Age
Ending age
Imperial Age
RankedLock teamsTeams togetherTeam positionsShared explorationLock speedFull tech treeHidden civsTurbo modeCheats
Victory
Defeat
🇨🇳 Japanese · China
1106
+15
🇮🇳 Magyars · India
1096
+16
🇮🇳 Georgians · India
1061
+17
🇮🇳 Romans · India
1049
+17
🇹🇼 Sicilians · Taiwan
1112
-17
🇩🇪 Gurjaras · Germany
1105
-17
🇧🇷 Saracens · Brazil
1080
-16
🇹🇼 Georgians · Taiwan
1061
-15
Renannve
5:41 Loom
13:57 Feudal Age
15:46 Wheelbarrow
18:09 Castle Age
16:25 Horse Collar
17:03 Double-Bit Axe
18:26 Gold Mining
26:02 Husbandry
brandon102372
9:56 Loom
14:55 Feudal Age
17:27 Double-Bit Axe
19:14 Gold Mining
19:05 Horse Collar
22:34 Castle Age
21:42 Scale Mail Armor
23:35 Bow Saw
23:27 Heavy Plow
24:39 Wheelbarrow
26:20 Pikeman
30:03 Chain Mail Armor
29:40 Fletching
天線迪西
7:46 Loom
13:57 Feudal Age
19:27 Town Watch
22:33 Castle Age
20:53 Bloodlines
20:52 Scale Barding Armor
22:11 Forging
23:41 Chain Barding Armor
24:31 Double-Bit Axe
24:53 Horse Collar
29:29 Iron Casting
30:42 Wheelbarrow
陟遐自迩
3:54 Loom
14:45 Feudal Age
19:29 Wheelbarrow
Vandalora
13:37 Feudal Age
13:57 Man-at-Arms
18:45 Forging
18:35 Scale Mail Armor
Kuttings
9:11 Loom
13:52 Feudal Age
16:56 Scale Barding Armor
18:43 Forging
25:30 Castle Age
24:22 Bloodlines
26:55 Iron Casting
26:33 Horse Collar
27:35 Husbandry
The Wise Wolf
9:20 Loom
12:06 Feudal Age
12:31 Town Watch
22:16 Castle Age
20:29 Fletching
22:06 Padded Archer Armor
22:57 Bloodlines
23:20 Bodkin Arrow
29:57 Ballistics
1903662431
3:37 Loom
14:39 Feudal Age
15:29 Double-Bit Axe
20:42 Castle Age
19:25 Fletching
19:54 Bloodlines
19:40 Horse Collar
21:31 Thumb Ring
24:49 Ballistics
24:57 Gold Mining
25:22 Bow Saw
27:28 Forging
27:39 Bodkin Arrow
Connection lost

Rejoining the realm…

Still unreachable

The connection could not be restored.

Session expired

The server has moved on; the page needs a fresh start.